Map: Ice and Chrome LE

Players

DPGPartinG (PartinG) - Winner!

  • Race: Protoss Protoss
  • League: Grandmaster
  • Spawn Location: 1:00

SpeCial

  • Race: Terran Terran
  • League: Master
  • Spawn Location: 7:00

Event: War Chest Team League

VOD

Have the link to the VOD?

Description

Time

  • Played on: Aug. 16, 2020, 8:39 a.m.
  • Length: 16:45
Show
View Real Time Build Order
Export as new Build Order

DPGPartinG Protoss - Winner!

Build Orders: 1 Gate Expand, Blink Stalkers 

Get SALT Encoding   

  12  0:00  Probe  
  13  0:12  Probe  
  14  0:19  Pylon  
  14  0:24  Probe (Chrono Boost)  
  15  0:39  Probe (Chrono Boost), Gateway  
  16  0:43  Probe (Chrono Boost)  
  16  0:48  Assimilator  
  17  0:54  Probe  
  18  1:06  Probe  
  19  1:18  Probe  
  20  1:25  Cybernetics Core  
  20  1:34  Nexus  
  20  1:40  Zealot (Chrono Boost)  
  22  1:47  Pylon  
  22  1:52  Probe  
  23  1:55  Assimilator  
  23  2:05  Stalker (Chrono Boost)  
  23  2:06  Probe  
  26  2:08  Warp Gate  
  26  2:16  Shield Battery  
  26  2:19  Probe  
  26  2:25  Stalker (Chrono Boost)  
  28  2:31  Probe  
  29  2:43  Probe  
  30  2:45  Stalker (Chrono Boost)  
  30  2:46  Probe  
  33  2:57  Shield Battery  
  33  2:58  Probe  
  34  2:59  Probe  
  35  3:07  Stalker  
  35  3:12  Probe x2  
  39  3:22  Twilight Council  
  39  3:37  Stalker  
  39  3:43  Probe x2  
  39  3:46  Robotics Facility  
  41  3:51  Gateway x2  
  41  3:54  Blink (Chrono Boost)  
  39  4:05  Probe x2  
  39  4:13  Gateway  
  39  4:15  Assimilator  
  39  4:20  Probe x2  
  39  4:23  Stalker  
  41  4:32  Probe x2, Pylon  
  41  4:38  Warp Prism (Chrono Boost)  
  43  4:44  Probe x2, Pylon  
  45  4:51  Stalker  
  47  4:54  Stalker  
  47  4:58  Probe x2  
  51  5:03  Stalker  
  53  5:09  Observer  
  53  5:10  Probe x2  
  53  5:13  Stalker  
  58  5:14  Stalker  
  58  5:17  Pylon  
  60  5:21  Pylon  
  60  5:30  Observer  
  61  5:40  Stalker x4  
  69  5:44  Shield Battery, Assimilator  
  69  5:53  Probe x2  
  69  5:56  Observer  
  72  6:05  Stalker x2  
  72  6:06  Zealot  
  72  6:09  Observer  
  77  6:13  Pylon  
  77  6:14  Pylon  
  69  6:22  Observer  
  69  6:23  Stalker  
  59  6:29  Stalker x3  
  65  6:47  Probe (Chrono Boost)  
  65  6:51  Probe (Chrono Boost)  
  65  6:56  Stalker x3  
  65  6:59  Probe (Chrono Boost)  
  73  7:01  Probe (Chrono Boost)  
  73  7:03  Observer  
  73  7:05  Stalker  
  76  7:08  Probe (Chrono Boost)  
  76  7:11  Probe (Chrono Boost)  
  77  7:18  Probe (Chrono Boost), Templar Archives  
  77  7:22  Probe (Chrono Boost)  
  79  7:29  Probe (Chrono Boost)  
  77  7:30  Probe (Chrono Boost)  
  77  7:37  Probe (Chrono Boost)  
  77  7:38  Probe (Chrono Boost)  
  78  7:44  Probe (Chrono Boost)  
  78  7:45  Probe (Chrono Boost), Psionic Storm  
  79  7:52  Probe, Nexus  
  79  7:57  Probe  
  81  8:04  Probe  
  82  8:13  High Templar x3  
  82  8:18  Gateway  
  88  8:20  Gateway x2  
  88  8:22  Gateway  
  88  8:24  Probe x2  
  90  8:30  Pylon, High Templar  
  92  8:37  Forge  
  92  8:38  Probe x2  
  94  8:46  Pylon  
  94  8:47  Charge (Chrono Boost)  
  94  8:50  Sentry  
  94  8:54  Zealot x2  
  100  9:01  Probe x2  
  102  9:15  Archon x2  
  102  9:16  Zealot x2  
  102  9:17  Zealot x2  
  110  9:18  Zealot  
  110  9:19  Zealot  
  110  9:22  Zealot x2  
  110  9:24  Protoss Ground Weapons Level 1 (Chrono Boost)  
  116  9:31  Probe  
  116  9:32  Probe x2  
  116  9:38  Stalker x2, Observer  
  123  9:41  High Templar  
  125  9:50  Probe  
  125  9:51  Pylon  
  125  9:52  Pylon x2  
  125  10:04  Assimilator x2  
  125  10:05  Pylon  
  125  10:09  Probe x2, Nexus  
  125  10:10  Observer  
  125  10:12  High Templar x2  
  132  10:15  High Templar  
  134  10:22  High Templar  
  134  10:23  Zealot x2  
  130  10:36  Probe x3  
  130  10:38  Pylon  
  130  10:39  Robotics Facility  
  130  10:41  Robotics Bay  
  133  10:45  Photon Cannon, Forge  
  133  10:46  Shield Battery  
  133  10:54  Photon Cannon  
  133  10:55  Observer  
  134  10:58  Probe  
  134  11:02  Probe  
  134  11:03  Probe  
  137  11:14  Shield Battery  
  137  11:16  Shield Battery, Protoss Ground Armor Level 1 (Chrono Boost)  
  137  11:18  Shield Battery  
  135  11:27  Protoss Ground Weapons Level 2 (Chrono Boost)  
  135  11:29  Disruptor x2 (Chrono Boost)  
  141  11:37  Zealot x8  
  157  11:44  Gravitic Boosters  
  157  11:46  Probe x2  
  157  11:47  Probe x2  
  157  11:54  Dark Shrine  
  157  11:59  Gateway  
  157  12:00  Gateway  
  157  12:02  Pylon  
  157  12:09  Disruptor x2  
  163  12:19  Zealot x6  
  163  12:22  Shield Battery  
  148  12:40  Zealot x2, Photon Cannon  
  148  12:42  Stalker  
  148  12:43  Stalker x3  
  159  12:51  Stalker x2  
  161  12:59  Probe (Chrono Boost)  
  161  13:02  Disruptor x2  
  168  13:07  Photon Cannon  
  168  13:08  Probe (Chrono Boost)  
  172  13:13  Probe x3 (Chrono Boost), Stalker  
  173  13:33  Probe  
  173  13:34  Probe  
  164  13:35  Zealot  
  164  13:36  Zealot x6  
  164  13:37  Disruptor x2 (Chrono Boost)  
  184  13:44  Zealot x3  
  188  13:49  Protoss Ground Armor Level 2 (Chrono Boost)  
  180  14:02  Zealot x7  
  153  14:05  Observer x2 (Chrono Boost)  
  153  14:07  High Templar x3  
  159  14:29  Zealot x3  
  159  14:30  Zealot x4  
  157  14:39  Nexus  
  157  14:41  Pylon  
  157  14:45  Assimilator  
  157  14:46  Zealot x3  
  157  14:47  Assimilator, Observer  
  157  14:51  Stalker x2  
  157  14:52  Stalker  
  165  15:00  Stalker x3  
  171  15:08  Stalker x3  
  177  15:16  Stalker x2  
  181  15:26  Observer  
  181  15:28  Dark Templar x5  
  191  15:36  Warp Prism  
  192  15:54  Probe (Chrono Boost)  
  193  15:59  Photon Cannon  
  193  16:04  Probe (Chrono Boost)  
  169  16:13  Zealot x4  
  169  16:14  Zealot x6  
  184  16:38  Photon Cannon  
Show
View Real Time Build Order
Export as new Build Order

SpeCial Terran 

Build Orders: Hellion Banshee 

Get SALT Encoding   

  12  0:00  SCV  
  13  0:12  SCV  
  14  0:16  Supply Depot  
  14  0:24  SCV  
  15  0:38  SCV  
  15  0:42  Barracks  
  16  0:46  Refinery  
  16  0:50  SCV  
  16  0:54  Refinery  
  17  1:02  SCV  
  18  1:14  SCV  
  19  1:29  Reaper  
  19  1:30  Orbital Command  
  20  1:47  Factory  
  20  1:48  Supply Depot  
  20  1:56  SCV  
  21  2:02  Reaper  
  21  2:08  SCV  
  23  2:20  SCV  
  24  2:27  Command Center  
  24  2:32  SCV  
  24  2:33  Factory Reactor  
  24  2:34  Reaper  
  26  2:37  Supply Depot  
  26  2:44  SCV  
  26  2:48  Starport  
  27  2:56  SCV  
  28  3:08  SCV  
  28  3:09  Hellion x2  
  33  3:20  SCV  
  33  3:24  Starport Tech Lab  
  33  3:30  Hellion x2  
  38  3:41  SCV  
  38  3:44  Cloaking Field  
  38  3:45  Supply Depot  
  36  3:51  Marine  
  36  3:53  SCV  
  39  4:03  Hellion  
  39  4:07  Hellion, Banshee  
  39  4:08  SCV  
  43  4:11  Orbital Command  
  43  4:20  SCV  
  41  4:32  SCV  
  41  4:35  Marine x2  
  41  4:36  Factory Tech Lab  
  41  4:37  SCV  
  43  4:44  SCV  
  42  4:49  SCV, Banshee  
  46  4:56  SCV, Siege Tank  
  50  5:01  SCV  
  50  5:05  Marine x2  
  50  5:06  Supply Depot  
  53  5:08  SCV  
  53  5:13  SCV  
  54  5:20  SCV  
  55  5:23  Marine x2  
  55  5:26  SCV  
  55  5:28  Siege Tank  
  61  5:32  Banshee  
  61  5:33  SCV  
  61  5:34  Bunker  
  65  5:37  Bunker  
  65  5:38  SCV  
  65  5:41  Marine x2  
  68  5:45  SCV  
  68  5:47  Supply Depot, Command Center  
  69  5:50  SCV  
  70  6:08  SCV, Marine x2, Siege Tank  
  70  6:10  SCV  
  76  6:12  Bunker  
  76  6:19  Raven  
  76  6:21  SCV  
  76  6:24  SCV  
  72  6:26  Marine x2  
  71  6:33  SCV  
  71  6:36  SCV  
  71  6:38  Barracks  
  73  6:40  Barracks  
  73  6:43  Siege Tank  
  73  6:44  Marine x2  
  78  6:59  SCV x2, Supply Depot, Refinery, Orbital Command  
  78  7:00  Refinery  
  80  7:01  Marine  
  80  7:02  Marine  
  82  7:11  SCV  
  82  7:12  Starport Reactor  
  82  7:13  SCV, Engineering Bay  
  84  7:19  Marine x2  
  86  7:23  SCV  
  86  7:25  SCV  
  86  7:29  SCV  
  89  7:30  Barracks  
  89  7:33  Barracks, Factory Tech Lab  
  81  7:37  Marine x2  
  83  7:44  Terran Infantry Weapons Level 1  
  83  7:49  Stimpack, Marauder  
  83  7:51  Combat Shield  
  85  7:52  Marauder  
  85  7:53  Siege Tank  
  85  7:55  Marine x2  
  85  7:57  SCV x3  
  95  8:01  Missile Turret x2  
  95  8:02  Supply Depot  
  95  8:05  Medivac  
  95  8:08  Missile Turret  
  95  8:11  Medivac  
  96  8:13  SCV x2, Marine x2  
  96  8:14  SCV  
  96  8:19  Supply Depot  
  101  8:20  Barracks Reactor, Supply Depot, Barracks Tech Lab  
  101  8:30  Marauder x2  
  101  8:31  Marine x2  
  107  8:35  Medivac, Supply Depot  
  109  8:41  Medivac  
  109  8:47  SCV, Orbital Command  
  109  8:48  SCV, Marine  
  113  8:53  Marine  
  113  8:54  Marauder x3  
  121  9:00  SCV  
  121  9:03  SCV  
  121  9:06  Marine  
  108  9:12  SCV  
  109  9:18  Marine  
  109  9:19  Marauder, Marine x3  
  109  9:20  Orbital Command, Marauder  
  109  9:22  SCV  
  109  9:23  Siege Tank  
  112  9:28  SCV  
  112  9:34  Viking, SCV  
  114  9:40  SCV  
  114  9:43  Orbital Command  
  106  9:46  SCV, Terran Infantry Armor Level 1  
  106  9:49  Ghost Academy  
  106  9:52  SCV  
  108  9:55  Marine x2  
  108  9:56  Missile Turret, Marine  
  108  9:57  Ghost Academy, Marine  
  112  10:04  Marauder x2  
  112  10:05  Marauder  
  118  10:09  Factory Reactor  
  118  10:13  Marine x2  
  120  10:15  Supply Depot, Medivac  
  120  10:17  Supply Depot, Medivac  
  120  10:20  Concussive Shells  
  120  10:21  Enhanced Shockwaves  
  124  10:26  Marauder  
  125  10:29  SCV, Marine  
  125  10:30  Marauder, Marine  
  125  10:31  SCV, Marauder  
  125  10:33  Marine  
  125  10:35  Marine  
  125  10:37  SCV  
  125  10:38  Supply Depot  
  125  10:39  Supply Depot  
  125  10:41  SCV, Refinery  
  127  10:43  SCV  
  127  10:47  Marauder  
  127  10:48  Supply Depot  
  127  10:49  Widow Mine  
  132  10:51  Armory  
  132  10:54  Marauder, Widow Mine  
  132  10:56  Viking x2  
  140  11:01  Refinery  
  140  11:04  Marine x2  
  140  11:05  Marine x2  
  145  11:24  Marine x3  
  145  11:25  Marine x2  
  151  11:26  SCV  
  151  11:30  SCV  
  151  11:31  SCV  
  154  11:33  Widow Mine x2  
  158  11:40  Sensor Tower  
  158  11:42  Unknown, Marine x2  
  162  11:50  Command Center  
  162  11:53  Unknown  
  164  11:55  Widow Mine x2, Terran Infantry Weapons Level 2  
  164  11:57  Supply Depot  
  164  12:00  Engineering Bay  
  164  12:01  Marine  
  164  12:06  Marine  
  164  12:11  Marine  
  164  12:14  Supply Depot x2  
  164  12:21  Marine x2  
  169  12:24  Marine  
  169  12:27  SCV  
  169  12:29  Marine  
  154  12:38  Marine x2  
  154  12:39  Medivac x2  
  154  12:40  Widow Mine x2  
  154  12:41  Marine  
  165  12:44  Unknown  
  165  12:45  Marauder  
  165  12:46  Unknown, Marauder  
  165  12:47  Unknown  
  165  12:48  Marauder  
  165  12:49  Marine  
  166  12:56  Marine x2  
  168  13:00  Marine  
  168  13:02  Terran Infantry Armor Level 2, Widow Mine x2  
  168  13:04  SCV x3  
  174  13:06  Marauder  
  174  13:07  Marine  
  174  13:08  Marauder  
  174  13:09  Marauder  
  181  13:17  Marine  
  182  13:21  Marine x2  
  182  13:23  Widow Mine  
  182  13:24  Marine  
  177  13:27  Marauder  
  177  13:29  Marauder  
  164  13:35  Marine  
  164  13:36  Marauder  
  164  13:37  Widow Mine, Liberator x2  
  164  13:39  Marine  
  174  13:44  Marine x2, Widow Mine  
  174  13:46  SCV  
  174  13:49  Marauder  
  144  14:06  Marine x2  
  144  14:07  Marauder  
  144  14:08  Widow Mine x2  
  144  14:09  SCV x2  
  147  14:20  SCV, Marine x3  
  147  14:21  SCV, Marauder  
  154  14:29  Marauder, Marine  
  138  14:32  Marine  
  138  14:38  Medivac x2, Marine x2  
  125  14:39  Marauder  
  125  14:41  Planetary Fortress  
  125  14:42  Marauder  
  127  14:47  Marine  
  127  14:50  Marine  
  127  14:51  Marauder  
  130  14:56  Marine x2  
  130  14:57  Widow Mine  
  128  15:00  Marauder  
  128  15:07  Marine x2, Sensor Tower  
  128  15:08  SCV x2  
  128  15:12  Marauder  
  134  15:19  Medivac  
  133  15:21  Marauder  
  133  15:26  Marine  
  138  15:32  Marine  
  138  15:33  Marauder  
  138  15:34  Marine  
  140  15:39  Marine  
  139  15:48  Marine  
  133  15:52  Medivac, Marine  
  133  15:53  Medivac  
  133  15:54  Unknown  
  142  15:59  Marine x2  
  141  16:07  Marine  
  126  16:11  Unknown, Marauder  
  126  16:15  Marine  
  128  16:22  Marine x2  
  128  16:23  Unknown x2, Marauder x2  
Tags
 
Add a new tag
Caveats
  • Supply blocks, unpowered buildings, or Contaminate may cause inaccurate times.
  • Supply counts are checked every 10 seconds.